 Dungeon Crawl Stone Soup version 0.31-a0-705-ga145531891 (webtiles) character file.

Game seed: 5906051831325793113

2070 randomguy2701 the Cleaver (level 9, 0/79 HPs)
             Began as a Hill Orc Fighter on Sept 10, 2023.
             Killed from afar by a steam dragon (18 damage)
             ... with a ball of steam
             ... on level 6 of the Dungeon.
             The game lasted 00:05:25 (4701 turns).

randomguy2701 the Cleaver (Hill Orc Fighter)        Turns: 4701, Time: 00:05:25

Health: 0/79       AC: 10    Str: 19    XL:     9   Next: 26%
Magic:  9/9        EV: 10    Int:  8    God:
Gold:   447        SH:  6    Dex: 20    Spells: 8/8 levels left

rFire   . . .        a - +0 war axe
rCold   . . .        c - +0 buckler
rNeg    . . .        b - +0 scale mail
rPois   .            t - +0 helmet
rElec   .            (no cloak)
rCorr   .            B - +0 pair of gloves
SInv    .            (no boots)
Will    .....        u - amulet of regeneration
Stlth   +            v - +6 ring of dexterity
HPRegen 1.13/turn    (no ring)
MPRegen 0.11/turn

%: no passive effects
@: no status effects
A: no striking features
a: no special abilities


You were on level 6 of the Dungeon.
You visited 1 branch of the dungeon, and saw 6 of its levels.

You collected 447 gold pieces.

Inventory:

Hand Weapons
 a - a +0 war axe (weapon)
Missiles
 r - a throwing net
Armour
 b - a +0 scale mail (worn)
 c - a +0 buckler (worn)
 t - a +0 helmet (worn)
 B - a +0 pair of gloves (worn)
Jewellery
 n - a ring of wizardry
 u - an amulet of regeneration (around neck)
 v - a +6 ring of dexterity (left hand)
Wands
 p - a wand of paralysis (8)
 A - a wand of iceblast (2)
Scrolls
 e - 2 scrolls of butterflies {unknown}
 f - 2 scrolls of teleportation {unknown}
 g - 4 scrolls of identify {unknown}
 h - a scroll of fog {unknown}
 i - a scroll of torment {unknown}
 j - a scroll of fear {unknown}
 m - 2 scrolls of enchant armour {unknown}
 y - a scroll of revelation {unknown}
 C - a scroll of enchant weapon {unknown}
Potions
 d - a potion of might
 k - 2 potions of heal wounds {unknown}
 l - a potion of attraction {unknown}
 o - 2 potions of mutation {unknown}
 q - 3 potions of cancellation {unknown}
 s - 2 potions of haste {unknown}
 w - a potion of invisibility {unknown}
 x - a potion of curing {unknown}
 z - a potion of lignification {unknown}


   Skills:
 + Level 7.0 Fighting
 + Level 10.4 Axes
 + Level 7.2 Armour
 + Level 2.1 Dodging
 + Level 0.7 Stealth
 + Level 4.9 Shields


You had 8 spell levels left.
You didn't know any spells.
Your spell library contained the following spells:

 Spells                   Type           Power      Damage    Failure   Level
 Sandblast                Erth           0%         2d4       82%         1
 Passwall                 Tmut/Erth      0%         N/A       91%         2
 Stone Arrow              Conj/Erth      0%         3d7       99%         3


Dungeon Overview and Level Annotations

Branches:
Dungeon (6/15)             Temple (0/1) D:6

Altars:
Gozag
Okawaru
Trog
Uskayaw

Shops:
D:5 [![


Message History

The bullfrog is engulfed in a cloud of scalding steam.
The bullfrog attacks as it pursues you! You block the bullfrog's attack.
You miss the bullfrog.
The bullfrog is severely wounded.
The bullfrog hits you.
The bullfrog hits you but does no damage.
You slash the bullfrog!
You kill the bullfrog!
You closely miss the steam dragon.
The steam dragon bites you but does no damage.
You block the steam dragon's attack.
You slash the steam dragon!
The steam dragon is heavily wounded.
The steam dragon bites you.
The steam dragon claws you but does no damage.
You barely miss the steam dragon.
The steam dragon is heavily wounded.
The steam dragon bites you.
The steam dragon claws you but does no damage.
You completely miss the steam dragon.
The steam dragon is heavily wounded.
The steam dragon bites you but does no damage.
You block the steam dragon's attack.
You hit the steam dragon.
The steam dragon is heavily wounded.
The steam dragon breathes steam at you. The ball of steam hits you!
* * * LOW HITPOINT WARNING * * *
You hit the steam dragon but do no damage.
The steam dragon is heavily wounded.
You are engulfed in a cloud of scalding steam.
The steam dragon bites you.
* * * LOW HITPOINT WARNING * * *
The steam dragon misses you.
You hit the steam dragon.
The steam dragon is severely wounded.
You are engulfed in a cloud of scalding steam.
The steam dragon breathes steam at you. The ball of steam hits you!!
You die...

.. .........#
#.# #
#######.## ##.#
#.# #..# #.#
#.## # #.# #.#
.## #.# #.#
.... #.# #§#
...#
#.####.##.?#.#
#.§.@D.......#
######.#†......
#.#.#..##.
#.... .# ###...
.. ..#. #.
..#.# ... .


You could see a steam dragon (catching breath).

Vanquished Creatures
  Grinder (D:3)
  Sigmund (D:3)
  Eustachio (D:5)
  An orc warrior (D:6)
  A black bear (D:5)
  2 ice beasts (D:6)
  3 ogres (D:5)
  2 phantoms
  Blork the orc (D:4)
  A bullfrog (D:6)
  A scorpion (D:6)
  5 wights (D:6)
  6 sleepcaps
  An iguana (D:6)
  Natasha (D:2)
  An orc wizard (D:4)
  Robin (D:4)
  7 adders
  A worm (D:3)
  4 dart slugs
  11 orcs
  5 ball pythons
  5 endoplasms
  2 giant cockroaches (D:4)
  12 goblins
  13 hobgoblins
  3 jackals (D:1)
  3 quokkas
  3 bats (D:1)
  4 frilled lizards
  7 kobolds
  8 rats
118 creatures vanquished.

Vanquished Creatures (others)
  An iguana (D:6)
1 creature vanquished.

Grand Total: 119 creatures vanquished

Notes
Turn   | Place    | Note
-------+----------+-------------------------------------------
     0 | D:1      | randomguy2701 the Hill Orc Fighter began the quest for the
                  | Orb.
     0 | D:1      | Reached XP level 1. HP: 19/19 MP: 1/1
   103 | D:1      | Reached XP level 2. HP: 27/27 MP: 2/2
   228 | D:1      | Reached skill level 3 in Axes
   489 | D:1      | Reached XP level 3. HP: 32/33 MP: 3/3
  1174 | D:2      | Noticed Natasha
  1183 | D:2      | Killed Natasha
  1184 | D:2      | Reached XP level 4. HP: 17/40 MP: 4/4
  1570 | D:3      | Noticed Sigmund
  1570 | D:3      | Noticed Grinder
  1579 | D:3      | Killed Sigmund
  1580 | D:3      | Reached skill level 5 in Axes
  1580 | D:3      | Reached XP level 5. HP: 8/47 MP: 5/5
  1580 | D:3      | Reached XP level 6. HP: 9/53 MP: 6/6
  1787 | D:4      | Noticed Robin
  1803 | D:4      | Killed Robin
  1813 | D:4      | Reached skill level 6 in Axes
  1813 | D:4      | Reached skill level 5 in Armour
  1929 | D:4      | Found a hide-covered altar of Uskayaw.
  1945 | D:4      | Noticed Blork the orc
  1963 | D:5      | Entered Level 5 of the Dungeon
  1968 | D:5      | HP: 2/53 [poisoned by a kobold]
  2291 | D:4      | Killed Blork the orc
  2292 | D:4      | Reached XP level 7. HP: 28/60 MP: 7/7
  2816 | D:3      | Paralysed by Grinder for 3 turns
  2822 | D:3      | Killed Grinder
  2823 | D:3      | Reached skill level 5 in Fighting
  2823 | D:3      | Reached skill level 7 in Axes
  2823 | D:3      | Reached skill level 1 in Dodging
  3078 | D:3      | Found an opulent altar of Gozag.
  3570 | D:5      | Found Xeseant's Armour Emporium.
  3583 | D:5      | Reached skill level 8 in Axes
  3583 | D:5      | Reached XP level 8. HP: 29/70 MP: 8/8
  3766 | D:5      | Found Rofik's Distillery.
  3782 | D:5      | Found Meohurem's Antique Armour Emporium.
  3990 | D:5      | Noticed Eustachio
  4006 | D:5      | Killed Eustachio
  4007 | D:5      | Reached skill level 9 in Axes
  4058 | D:5      | Identified the +1 ring mail of Tenacity {Will+}
  4092 | D:5      | Found Zuschaf's General Store.
  4248 | D:5      | Found a bloodstained altar of Trog.
  4248 | D:5      | Found an iron altar of Okawaru.
  4529 | D:6      | Reached XP level 9. HP: 31/78 MP: 9/9
  4608 | D:6      | Reached skill level 10 in Axes
  4611 | D:6      | Found a staircase to the Ecumenical Temple.
  4701 | D:6      | Killed from afar by a steam dragon

Illustrated notes

Levels and vault maps discovered:
D:1:      eino_arrival_cavern_e, layout_basic
D:2:      layout_loops_ring, uniq_natasha
D:3:      layout_loops_cross, nicolae_gozag_cash_rules_everything_around_me,
          minmay_misc_feat_plants, uniq_sigmund, uniq_grinder
D:4:      layout_cave_pools, nicolae_uskayaw_murder_on_the_dancefloor,
          uniq_robin, uniq_blork_the_orc
D:5:      layout_loops_corners, grunt_temple_overflow_open, serial_shops,
          shop_fountains, shop, kennysheep_mini_moat,
          nicolae_shop_advertising_works [nicolae_subvault_shop_adworks],
          moated_statue, hellmonk_no_cap, uniq_eustachio
D:6:      layout_loops_ring, amcnicky_altar_gilded,
          minmay_temple_entry_purple_smoke, uniq_maggie

Skill      XL: |  1  2  3  4  5  6  7  8  9 |
---------------+----------------------------+-----
Axes           | 3 5 6 8 9 10 | 10.4
Fighting       | 4 5 6 7 |  7.0
Armour         | 4 5 6 7 |  7.2
Shields        | 4 |  4.9
Dodging        | 1 2 |  2.1
Stealth        | |  0.7

Action                     |  1- 3 |  4- 6 |  7- 9 || total
---------------------------+-------+-------+-------++-------
  Melee: War axe           |    82 |    73 |   228 ||   383
 Armour: Scale mail        |    65 |    74 |   174 ||   313
  Dodge: Dodged            |    37 |    38 |   105 ||   180
  Block: Buckler           |    17 |    25 |    57 ||    99

Table legend: (Time is in decaauts)
 A = Elapsed time spent in this place.
 B = Non-inter-level travel time spent in this place.
 C = Inter-level travel time spent in this place.
 D = Time resting spent in this place.
 E = Time spent auto-exploring this place.
 F = Levels seen in this place.
 G = Mean time per level.
                   A        B        C        D        E       F      G
               +--------+--------+--------+--------+--------+-----+--------+
         Total |   4777 |   4592 |    185 |    281 |   3503 |   6 |  796.2 |
       Dungeon |   4777 |   4592 |    185 |    281 |   3503 |   6 |  796.2 |
               +--------+--------+--------+--------+--------+-----+--------+

Top non-repeatable levels by time:
     D:5: 1192 daAuts
     D:4: 968 daAuts
     D:1: 836 daAuts
     D:2: 738 daAuts
     D:3: 731 daAuts
     D:6: 311 daAuts
